 Dungeon Crawl Stone Soup version 0.23.2-1-ga50397a6bc (webtiles) character file.

Game seed: 9558561985744484894

2315 Revguard the Shield-Bearer (level 9, -6/71 HPs)
             Began as a Formicid Fighter on May 7, 2019.
             Was a Priest of Yredelemnul.
             Mangled by an orc warrior
             ... wielding a +0 hand axe
              (19 damage)
             ... in a bailey.
             The game lasted 00:22:59 (5858 turns).

Revguard the Shield-Bearer (Formicid Fighter)       Turns: 5858, Time: 00:23:00

Health: -6/71      AC: 18    Str: 26    XL:     9   Next: 68%
Magic:  12/13      EV:  7    Int:  8    God:    Yredelemnul [***...]
Gold:   380        SH: 11    Dex: 13    Spells: 8/8 levels left

rFire    . . .     SeeInvis +   a - +1 war axe
rCold    . . .     Gourm    .   c - +0 shield
rNeg     . . .     Faith    .   g - +0 plate armour
rPois    .         Spirit   .   (helmet unavailable)
rElec    .         Reflect  .   r - +0 cloak
rCorr    .         Harm     .   p - +0 pair of gloves {archery}
MR       .....                  l - +0 pair of boots
Stlth    ..........             (no amulet)
HPRegen  0.21/turn              w - ring of wizardry
MPRegen  0.13/turn              (no ring)

@: mighty, injury mirror
A: permanent stasis, dig shafts and tunnels, four strong arms, antennae 3,
hooves 1, rugged brown scales 2, evolution 1
a: Dig, Shaft Self, Recall Undead Slaves, Injury Mirror, Animate Dead, Renounce
Religion


You were in a bailey.
You worshipped Yredelemnul.
Yredelemnul was most pleased with you.
You were not hungry.

You visited 1 branch of the dungeon, and saw 7 of its levels.
You also visited: Bailey.

You collected 380 gold pieces.

Inventory:

Hand Weapons
 a - a +1 war axe (weapon)
Armour
 c - a +0 shield (worn)
 g - a +0 plate armour (worn)
 l - a +0 pair of boots (worn)
 p - a +0 pair of gloves of archery (worn)
 r - a +0 cloak (worn)
 u - a +0 chain mail
Jewellery
 w - a ring of wizardry (left hand)
Wands
 b - a wand of flame (16)
 m - a wand of digging (7)
Scrolls
 e - 4 scrolls of remove curse
 i - 2 scrolls of enchant armour
Potions
 h - a potion of haste
 k - 3 potions of brilliance
 q - a potion of resistance
Comestibles
 f - 3 rations


   Skills:
 + Level 5.0 Fighting
 + Level 6.9 Axes
 + Level 5.4 Armour
 + Level 1.7 Dodging
 + Level 7.0 Shields
 * Level 6.0 Invocations
 * Level 4.8 Evocations


You had 8 spell levels left.
You didn't know any spells.
Your spell library contained the following spells:

 Spells                   Type           Power        Failure   Level  Hunger
 Beastly Appendage        Tmut           #.....       96%         1    ##.....
 Sticks to Snakes         Tmut           #.......     99%         2    ###....
 Spider Form              Tmut/Pois      #.........   100%        3    ####...
 Ice Form                 Ice/Tmut       #.......     100%        4    #####..
 Blade Hands              Tmut           #.........   100%        5    ######.


Dungeon Overview and Level Annotations

Branches:
Dungeon (7/15)             Temple (0/1) D:5

Altars:
Cheibriados
Dithmenos
Kikubaaqudgha
Ru
Yredelemnul
The Shining One


Innate Abilities, Weirdness & Mutations

You cannot be hasted, slowed, berserked, paralysed or teleported.
You can dig through walls and to a lower floor.
Your four strong arms can wield two-handed weapons with a shield.
You have a pair of large antennae on your head. (SInv)
You have large cloven feet.
You are mostly covered in rugged brown scales. (AC +2, +5% HP)
You evolve.


Message History

You closely miss the orc knight. You barely miss the gnoll.
The orc knight hits you with a +0 war axe!
* * * LOW HITPOINT WARNING * * *
The gnoll hits you but does no damage.
You offer yourself to Yredelemnul, and are filled with unholy energy.
You block the orc knight's attack. You block the gnoll's attack.
You hit the orc knight but do no damage.
You slash the gnoll!
You kill the gnoll!
Yredelemnul accepts your kill.
The orc knight hits you with a +0 war axe.
* * * LOW HITPOINT WARNING * * *
Yredelemnul mirrors your injury!
The orc knight is lightly wounded.
You miss the orc knight.
The orc knight is lightly wounded.
You completely miss the orc warrior.
The orc warrior hits you with a +0 hand axe!!
You die...
Your body rises from the dead as a mindless zombie.

'.......))g)..'..# ≈≈≈≈#
#######'#######..# ≈≈≈≈≈#
#...Z.#.......# ≈≈≈≈≈#
#.....'.8)8)8.# #≈≈≈≈≈#
#'#####....)..######≈≈≈≈≈#
#.#[[#....#).))).#.≈≈≈≈≈≈#
#^#[[#....#......#.≈≈≈≈≈.######
#.#..#....#####oo#.)≈≈≈≈......#
#.#..#....##....@#)≈≈≈≈≈......###
#.##+#....##....['..............#
.∩. #._..##..⌠.)'..........∩..∩#
#.# #....##....)'..............#
#....##.....#.≈≈≈≈≈......###
#....#####''#.≈≈≈≈≈......#
#......#)≈≈≈≈≈.######
#......#.≈≈≈≈≈≈#
.....######≈≈≈≈≈#


You could see an orc knight and an orc warrior.

Vanquished Creatures
  2 kobold demonologists (Bailey)
  A water moccasin (D:5)
  5 orc warriors
  An ice beast (D:6)
  An ogre (D:3)
  A centaur (D:6)
  A big kobold (D:7)
  A bullfrog (D:6)
  A howler monkey (D:4)
  A crimson imp (D:5)
  A quasit (D:7)
  3 hounds
  Ijyb (D:3)
  2 iguanas (D:4)
  4 orc wizards
  4 worker ants
  Robin (D:4)
  5 adders
  5 gnolls
  An ooze (D:3)
  An adder zombie (D:5)
  A worm (D:4)
  2 dart slugs (D:1)
  5 leopard geckos
  10 orcs
  6 giant cockroaches
  15 goblins
  15 hobgoblins
  8 jackals
  A quokka (D:3)
  4 ball pythons
  8 bats
  A frilled lizard (D:2)
  11 kobolds
  2 quokka skeletons (D:6)
  4 rats
136 creatures vanquished.

Vanquished Creatures (collateral kills)
  A phantom (D:4)
  A centaur (D:7)
  A bullfrog (D:6)
  A water moccasin zombie (D:6)
  A crimson imp (D:5)
  A gnoll shaman (D:6)
  3 gnolls (D:6)
  An adder (D:4)
  A ball python (D:3)
  3 goblins
  2 hobgoblins
  2 jackals (D:5)
18 creatures vanquished.

Vanquished Creatures (others)
  A centaur skeleton (D:6)
  A goblin zombie (D:3)
  5 hobgoblin zombies (Bailey)
  A jackal zombie (D:3)
  3 kobold zombies
  A leopard gecko zombie (D:5)
  3 orc zombies
15 creatures vanquished.

Grand Total: 169 creatures vanquished

Notes
Turn   | Place    | Note
-------+----------+-------------------------------------------
     0 | D:1      | Revguard the Formicid Fighter began the quest for the Orb.
     0 | D:1      | Reached XP level 1. HP: 18/18 MP: 1/1
   152 | D:1      | Reached XP level 2. HP: 19/24 MP: 2/2
   294 | D:1      | Reached skill level 4 in Shields
   345 | D:1      | Reached XP level 3. HP: 26/29 MP: 3/3
  1139 | D:2      | Found a glowing golden altar of the Shining One.
  1311 | D:2      | Reached XP level 4. HP: 33/35 MP: 4/4
  1902 | D:3      | Found a faded altar of an unknown god.
  1938 | D:3      | Became a worshipper of Yredelemnul the Dark
  1938 | D:3      | Reached * piety under Yredelemnul
  2179 | D:3      | Noticed Ijyb
  2205 | D:3      | Killed Ijyb
  2205 | D:3      | Reached XP level 5. HP: 38/41 MP: 5/5
  2438 | D:3      | Noticed an ogre
  2450 | D:3      | Your ally Ijyb died
  2457 | D:3      | Killed an ogre
  2457 | D:3      | Reached skill level 5 in Shields
  2457 | D:3      | Reached skill level 1 in Invocations
  2457 | D:3      | Reached XP level 6. HP: 34/48 MP: 5/7
  2613 | D:3      | Found a basalt altar of Yredelemnul.
  2613 | D:3      | Found a snail-covered altar of Cheibriados.
  2674 | D:4      | Reached skill level 1 in Dodging
  2735 | D:4      | Noticed Robin
  2746 | D:4      | Killed Robin
  2804 | D:4      | Reached skill level 1 in Evocations
  3054 | D:4      | Reached ** piety under Yredelemnul
  3054 | D:4      | Reached XP level 7. HP: 53/53 MP: 8/8
  3429 | D:5      | Entered Level 5 of the Dungeon
  3522 | D:5      | Noticed a water moccasin
  3539 | D:5      | Killed a water moccasin
  3908 | D:5      | Found a staircase to the Ecumenical Temple.
  4155 | D:5      | Found a shadowy altar of Dithmenos.
  4155 | D:5      | Found a sacrificial altar of Ru.
  4262 | D:6      | Reached skill level 5 in Axes
  4262 | D:6      | Reached XP level 8. HP: 28/60 MP: 10/10
  4561 | D:6      | Reached skill level 6 in Shields
  4733 | D:6      | Found an ancient bone altar of Kikubaaqudgha.
  5236 | D:7      | Reached *** piety under Yredelemnul
  5271 | D:7      | Reached XP level 9. HP: 58/66 MP: 12/12
  5354 | D:7      | Found a flagged portal.
  5375 | Bailey   | Entered a bailey
  5412 | Bailey   | Noticed a kobold demonologist
  5414 | Bailey   | Noticed a kobold demonologist
  5416 | Bailey   | Found an iron altar of Okawaru.
  5425 | Bailey   | Reached skill level 5 in Armour
  5425 | Bailey   | Reached skill level 5 in Invocations
  5456 | Bailey   | Killed a kobold demonologist
  5660 | Bailey   | Killed a kobold demonologist
  5660 | Bailey   | Reached skill level 5 in Fighting
  5695 | Bailey   | Reached skill level 7 in Shields
  5821 | Bailey   | Noticed an orc knight
  5852 | Bailey   | Gained mutation: You are partially covered in rugged brown
                  | scales. (AC +1, +3% HP) [potion of mutation]
  5852 | Bailey   | Gained mutation: You are mostly covered in rugged brown
                  | scales. (AC +2, +5% HP) [potion of mutation]
  5852 | Bailey   | Gained mutation: You have large cloven feet. [potion of
                  | mutation]
  5852 | Bailey   | Gained mutation: You evolve. [potion of mutation]
  5858 | Bailey   | Mangled by an orc warrior

Skill      XL: |  1  2  3  4  5  6  7  8  9 |
---------------+----------------------------+-----
Shields        | 4 5 6 7 |  7.0
Axes           | 3 4 5 6 |  6.9
Armour         | 4 5 |  5.4
Invocations    | 1 2 3 4 6 |  6.0
Dodging        | 1 |  1.7
Evocations     | 1 2 3 4 |  4.8
Fighting       | 4 5 |  5.0

Action                   |  1- 3 |  4- 6 |  7- 9 || total
-------------------------+-------+-------+-------++-------
Melee: War axe           |   104 |   146 |   264 ||   514
Invok: Animate Remains   |       |     9 |    18 ||    27
       Injury Mirror     |       |       |     3 ||     3
       Animate Dead      |       |       |    10 ||    10
       Recall Undead Sla |       |       |     1 ||     1
 Abil: Dig               |       |     1 |       ||     1
Evoke: Wand              |       |       |     3 ||     3
  Use: Scroll            |       |     2 |    13 ||    15
       Potion            |       |     1 |     7 ||     8
  Eat: Chunk             |     1 |     9 |     8 ||    18
       Ration            |       |       |     3 ||     3
Armor: Scale mail        |    47 |    75 |    28 ||   150
       Chain mail        |       |       |   116 ||   116
       Plate armour      |       |       |     6 ||     6
Dodge: Dodged            |    18 |    67 |   107 ||   192
Block: Shield            |    64 |    93 |   173 ||   330
